 Dungeon Crawl Stone Soup version 0.18-b1-14-g029dad2 (webtiles) character file.

86 Alarkh the Insei (level 4, -2/37 HPs)
             Began as a Draconian Transmuter on Apr 30, 2016.
             Slain by a gnoll
             ... wielding a +0 whip
              (10 damage)
             ... on level 2 of the Dungeon.
             The game lasted 00:02:01 (1359 turns).

Alarkh the Insei (Draconian Transmuter)             Turns: 1359, Time: 00:02:01

Health: -2/37      AC:  5    Str: 12    XL:     4   Next: 26%
Magic:  2/7        EV: 12    Int: 14    God:
Gold:   39         SH:  0    Dex: 12    Spells: 2 memorised, 3 levels left

rFire  . . .     SeeInvis .       - Unarmed
rCold  . . .     Gourm    .     (armour unavailable)
rNeg   . . .     Faith    .     (no shield)
rPois  .         Spirit   .     (helmet restricted)
rElec  .         Dismiss  .     (no cloak)
rCorr  .         Reflect  .     (no gloves)
SustAt .         Harm     .     (no boots)
MR     .....                    (no amulet)
Stlth  +.........               (no ring)
                                (no ring)

@: appendage, not resistant to hostile enchantments, very unstealthy
A: unfitting armour, horns 2, cold-blooded, AC +5
a: End Transformation


You were on level 2 of the Dungeon.
You were very hungry.
You had grown temporary horns.
You visited 1 branch of the dungeon, and saw 2 of its levels.

You collected 39 gold pieces.

Inventory:

Missiles
 a - 12 arrows
Scrolls
 e - a scroll of fear {unknown}
 f - a scroll of teleportation
 g - a scroll of immolation {unknown}
 k - a scroll of remove curse {unknown}
Potions
 d - 2 potions of heal wounds
 h - a potion of flight {unknown}
 i - 2 potions of resistance
 j - a potion of degeneration {unknown}
 n - a potion of curing {unknown}
Books
 b - a book of Changes

   Spells                             Type                      Level
   a - Beastly Appendage              Transmutation                1
   b - Sticks to Snakes               Transmutation                2
   c - Spider Form                    Transmutation/Poison         3
   d - Ice Form                       Ice/Transmutation            4
   e - Blade Hands                    Transmutation                5
Comestibles
 c - a bread ration
 l - a slice of pizza
 m - a meat ration
 o - a beef jerky


   Skills:
 + Level 2.3 Fighting
 + Level 2.7 Dodging
 * Level 4.0 Unarmed Combat
 - Level 2.0 Spellcasting
 - Level 2.0 Transmutations


You had 3 spell levels left.
You knew the following spells:

 Your Spells              Type           Power        Failure   Level  Hunger
a - Beastly Appendage     Trmt           #.....       12%         1    ##.....
b - Spider Form           Trmt/Pois      #.........   47%         3    ####...


Dungeon Overview and Level Annotations

Branches:
Dungeon (2/15)

Altars:


Innate Abilities, Weirdness & Mutations

Your plain brown scales are hard (AC +5).
Your body does not fit into most forms of armour.
You are cold-blooded and may be slowed by cold attacks.
You have a pair of horns on your head.


Message History

Terence shouts, "Now you die!"
You kill Terence!
Your Unarmed Combat skill increases to level 4!
You have reached level 4!
You feel agile.
Casting: Spider Form
Confirm with . or Enter, or press ? or * to list all spells.
You grow a pair of large bovine horns.
Unknown command.
You punch the gnoll!
The gnoll is heavily wounded.
The gnoll hits you with a whip.
* * * LOW HITPOINT WARNING * * *
You completely miss the gnoll. Your headbutt misses the gnoll.
The gnoll is heavily wounded.
The gnoll hits you but does no damage.
You hit the gnoll.
The gnoll is severely wounded.
The gnoll hits you with a whip!
You die...

#.#.# #g# ##.# #.#.# #.#
#..# #.#.# ###.# #.##
#.#.# #.).# #.# #.#.#
#.### #.# #.#.# #g# #g#
#.#.# ####.# #.#
#....#####.### #.# #.
#.##..@g)....# #.# #.#.
#.##.#####.#.# #.#
#.#.###.##.# #.#.# #.#
#.#.#......# #.#.#
#.###[....#.#..#####.#.#
.[...##..........@g..#.#
.....##.............[#.#
.....##.........######.#
...........###.(# #.#


You could see a gnoll.

Vanquished Creatures
  Terence (D:2)
  2 gnolls (D:2)
  An adder (D:2)
  2 dart slugs (D:1)
  A giant gecko (D:1)
  3 bats
  6 goblins (D:1)
  2 hobgoblins
  2 quokkas (D:2)
  A ball python (D:1)
  7 rats
28 creatures vanquished.

Notes
Turn   | Place    | Note
--------------------------------------------------------------
     0 | D:1      | Alarkh the Draconian Transmuter began the quest for the Orb.
     0 | D:1      | Reached XP level 1. HP: 16/16 MP: 3/3
    91 | D:1      | Reached XP level 2. HP: 19/23 MP: 3/5
   707 | D:2      | Reached XP level 3. HP: 17/29 MP: 4/6
   989 | D:2      | Learned a level 3 spell: Spider Form
  1229 | D:2      | Noticed Terence
  1354 | D:2      | Killed Terence
  1354 | D:2      | Reached skill level 4 in Unarmed Combat
  1354 | D:2      | Reached XP level 4. HP: 9/37 MP: 2/7
  1359 | D:2      | Slain by a gnoll

Skill      XL: |  1  2  3 |
---------------+----------+-----
Dodging        | 2 |  2.7
Fighting       | 2 |  2.3
Unarmed Combat | 4 |  4.0
Spellcasting   | |  2.0
Transmutations | |  2.0

Action                   |  1- 3 |  4- 6 || total
-------------------------+-------+-------++-------
Melee: Unarmed           |    95 |     3 ||    98
       Tailslap          |     5 |       ||     5
       Headbutt          |     6 |       ||     6
       Kick              |     3 |       ||     3
       Punch             |     1 |       ||     1
 Cast: Beastly Appendage |    18 |     1 ||    19
       Spider Form       |     1 |       ||     1
  Use: Scroll            |     3 |       ||     3
  Eat: Chunk             |     1 |       ||     1
Armor: Skin              |    26 |     1 ||    27
Dodge: Dodged            |    61 |       ||    61
